 Dungeon Crawl Stone Soup version 0.30-a0-358-g0d69a1922f (webtiles) character file.

Game seed: 6783809683939496941

94 blackman the Sneak (level 4, 0/35 HPs)
             Began as a Human Delver on Nov 10, 2022.
             Was an Initiate of Cheibriados.
             Slain by a jackal (2 damage)
             ... on level 3 of the Dungeon.
             The game lasted 00:02:16 (609 turns).

blackman the Sneak (Human Delver)                    Turns: 609, Time: 00:02:17

Health: 0/35       AC:  3    Str: 14    XL:     4   Next: 94%
Magic:  4/4        EV: 10    Int: 11    God:    Cheibriados [......]
Gold:   19         SH:  7    Dex: 17    Spells: 3/3 levels left

rFire   . . .      SeeInvis .    a - +0 falchion
rCold   . . .      Faith    .    i - +0 kite shield
rNeg    . . .      Spirit   .    b - +0 leather armour
rPois   .          Reflect  .    (no helmet)
rElec   .          Harm     .    (no cloak)
rCorr   .          Rampage  .    (no gloves)
Will    .....                    (no boots)
Stlth   +++.......               (no amulet)
HPRegen 0.25/turn                (no ring)
MPRegen 0.09/turn                (no ring)

@: very slow
A: no striking features
a: Renounce Religion


You were on level 3 of the Dungeon.
You worshipped Cheibriados.
Cheibriados was noncommittal.
You visited 2 branches of the dungeon, and saw 4 of its levels.

You collected 19 gold pieces.

Inventory:

Hand Weapons
 a - a +0 falchion (weapon)
Armour
 b - a +0 leather armour (worn)
 e - the +1 pair of boots "Nurylado" {*Slow Slay+5}
   (You acquired it on level 3 of the Dungeon)

   Slay:      It affects your accuracy & damage with ranged weapons and melee
   (+5).
   *Slow:     It may slow you when you take damage.
 h - a +0 scale mail
 i - a +0 kite shield (worn)
Jewellery
 j - a ring of ice
Wands
 g - a wand of digging (2)
Scrolls
 c - a scroll of fog
 d - a scroll of magic mapping
Potions
 f - a potion of haste


   Skills:
 - Level 3.0 Fighting
 + Level 4.7 Long Blades
 - Level 2.0 Dodging
 - Level 5.0 Stealth


You had 3 spell levels left.
You didn't know any spells.
Your spell library was empty.

Dungeon Overview and Level Annotations

Branches:
Dungeon (5/15)             Temple (1/1) D:5

Altars:
Cheibriados
Elyvilon
Fedhas
Gozag
Hepliaklqana
Okawaru
Sif Muna
Uskayaw
Vehumet
Wu Jian
Yredelemnul
Zin


Message History

There is a stone staircase leading down, spattered with blood here.
This is a scroll of acquirement!
Something appears at your feet! The jackal closely misses you.
The hobgoblin hits you but does no damage.
The kobold barely misses you. You block the jackal's attack.
e - the +1 pair of boots "Nurylado" {*Slow Slay+5} You block the jackal's attack.
You block the hobgoblin's attack. The kobold misses you.
The hobgoblin attacks as you move away! The hobgoblin hits you.
* * * LOW HITPOINT WARNING * * *
You block the jackal's attack. The jackal closely misses you.
The jackal closely misses you.
Aiming: Dig
Press: ? - help, Shift-Dir - straight line, f - you Please select a direction to dig.
Okay, then.
Hit: a) +0 falchion
Press: ? - help, Dir - move target, f - jackal
Aim: a jackal (about 44% to evade your +0 falchion)
Okay, then.
Aiming: Dig
Press: ? - help, Shift-Dir - straight line, f - you Please select a direction to dig.
Okay, then.
Aiming: Dig
Press: ? - help, Shift-Dir - straight line A rock wall.
The rock shatters into small pieces.
The kobold hits you with a +0 club.
* * * LOW HITPOINT WARNING * * *
The hobgoblin closely misses you. The jackal misses you.
The hobgoblin attacks as you move away! The hobgoblin hits you.
* * * LOW HITPOINT WARNING * * *
The jackal bites you.
* * * LOW HITPOINT WARNING * * *
Okay, then.
Unknown command.
You hit the jackal.
The jackal is lightly wounded.
The jackal bites you.
You die...

.........
...>... .....
##.8.##
###.....###
##....>....###
#........h....#
..8...###hK.8.+
#...## #@##...#
##. #.## .## ..
#.# .. # #.# ##
#.# #.# #.# ##


You could see 2 jackals and a kobold.

Vanquished Creatures
  A necrophage (D:5)
  An iguana (D:4)
  A dart slug (D:4)
  2 orcs (D:4)
  A kobold (D:4)
6 creatures vanquished.

Notes
Turn   | Place    | Note
-------+----------+-------------------------------------------
     0 | D:5      | blackman the Human Delver began the quest for the Orb.
     0 | D:5      | Reached XP level 1. HP: 18/18 MP: 1/1
   105 | D:5      | Found a staircase to the Ecumenical Temple.
   113 | D:5      | Noticed a necrophage
   115 | Temple   | Entered the Ecumenical Temple
   142 | Temple   | Became a worshipper of Cheibriados the Contemplative
   172 | D:5      | Killed a necrophage
   173 | D:5      | Reached XP level 2. HP: 2/24 MP: 2/2
   173 | D:5      | Reached XP level 3. HP: 3/29 MP: 3/3
   173 | D:5      | Reached XP level 4. HP: 3/35 MP: 4/4
   603 | D:3      | Identified a scroll of acquirement
   603 | D:3      | Acquired the +1 pair of boots "Nurylado" {*Slow Slay+5}
   608 | D:3      | HP: 1/35 [jackal (1)]
   609 | D:3      | Slain by a jackal

Illustrated notes

Levels and vault maps discovered:
D:3:      layout_rooms, shapermc_ecumenical_altar_petra, minmay_hedge_maze,
          grunt_ministairs_13, nrook_uturn, uniq_natasha
D:4:      layout_loops_ring, serial_rivers, chequers_serial_rivers_small_3,
          chequers_serial_rivers_small_b, chequers_serial_rivers_small_b,
          chequers_serial_rivers_room_a, chequers_serial_rivers_room_b
D:5:      layout_basic, minmay_temple_entry_mist, nicolae_underground_beach
Temple:   hellmonk_temple_two_chambers

Skill      XL: |  1 |
---------------+----+-----
Long Blades    | 4 |  4.7
Fighting       | |  3.0
Dodging        | |  2.0
Stealth        | |  5.0

Action                   |  1- 3 |  4- 6 || total
-------------------------+-------+-------++-------
Melee: Falchion          |    11 |    22 ||    33
Evoke: Wand              |       |     1 ||     1
  Use: Scroll            |       |     2 ||     2
 Stab: Sleeping          |       |     2 ||     2
Armor: Leather armour    |     1 |     6 ||     7
Dodge: Dodged            |     8 |    14 ||    22
Block: Kite shield       |     5 |    21 ||    26

Table legend: (Time is in decaauts)
 A = Elapsed time spent in this place.
 B = Non-inter-level travel time spent in this place.
 C = Inter-level travel time spent in this place.
 D = Time resting spent in this place.
 E = Time spent auto-exploring this place.
 F = Levels seen in this place.
 G = Mean time per level.
                   A        B        C        D        E       F      G
               +--------+--------+--------+--------+--------+-----+--------+
         Total |    690 |    660 |     30 |     96 |    388 |   4 |  172.5 |
       Dungeon |    652 |    632 |     20 |     96 |    378 |   3 |  217.3 |
        Temple |     38 |     29 |      9 |      0 |     10 |   1 |   38.0 |
               +--------+--------+--------+--------+--------+-----+--------+

Top non-repeatable levels by time:
     D:4: 393 daAuts
     D:5: 244 daAuts
  Temple: 38 daAuts
     D:3: 14 daAuts
